 Dungeon Crawl Stone Soup version 0.20.1-1-g8b1a95d (webtiles) character file.

82 digijack the Magician (level 4, -2/33 HPs)
             Began as a Demonspawn Wanderer on Nov 5, 2017.
             Slain by a hobgoblin
             ... wielding a +0 club
              (3 damage)
             ... on level 3 of the Dungeon.
             The game lasted 00:20:21 (2289 turns).

digijack the Magician (Demonspawn Wanderer)         Turns: 2289, Time: 00:20:25

Health: -2/33      AC:  0    Str: 11    XL:     4   Next: 21%
Magic:  5/9        EV: 11    Int: 14    God:
Gold:   73         SH:  0    Dex: 14    Spells: 6/9 levels left

rFire    . . .     SeeInvis .   g - +4 dagger (venom)
rCold    . . .     Gourm    .   (no shield)
rNeg     . . .     Faith    .   (no armour)
rPois    .         Spirit   .   (helmet restricted)
rElec    .         Reflect  .   (no cloak)
rCorr    .         Harm     +   (no gloves)
MR       .....                  (no boots)
Stlth    +.........             b - amulet of harm
Regen    1.2/turn               (no ring)
MPRegen  0.2/turn               (no ring)

@: lethally poisoned (-2 -> -13)
A: horns 2, powered by death 1
a: no special abilities


You were on level 3 of the Dungeon.
You were hungry.

You visited 1 branch of the dungeon, and saw 3 of its levels.

You collected 73 gold pieces.

Inventory:

Hand Weapons
 g - a +4 dagger of venom (weapon)
Missiles
 e - 36 stones (quivered)
Jewellery
 b - an amulet of harm (around neck)
Scrolls
 c - a scroll of remove curse
Books
 a - a book of Frost

   Spells                             Type                      Level
   a - Freeze                         Ice                          1
   b - Throw Frost                    Conjuration/Ice              2
   c - Ozocubu's Armour               Charms/Ice                   3
   d - Throw Icicle                   Conjuration/Ice              4
   e - Summon Ice Beast               Ice/Summoning                4
Comestibles
 d - a royal jelly
 f - a meat ration


   Skills:
 + Level 2.2 Fighting
 + Level 0.6 Short Blades
   Level 0.5 Maces & Flails
 - Level 1.7 Armour
 - Level 0.3 Dodging
   Level 1.7 Shields
 + Level 3.4 Spellcasting
 + Level 0.4 Conjurations
 * Level 2.5 Ice Magic


You had 6 spell levels left.
You knew the following spells:

 Your Spells              Type           Power        Failure   Level  Hunger
a - Freeze                Ice            #...         8%          1    #......
b - Throw Frost           Conj/Ice       #.....       17%         2    ##.....


Dungeon Overview and Level Annotations

Branches:
Dungeon (3/15)

Altars:
Ashenzari
Uskayaw
Xom


Innate Abilities, Weirdness & Mutations

You have a pair of horns on your head.
You regenerate a little health from kills.


Message History

You hit the ball python. Your headbutt misses the ball python.
The ball python is severely wounded.
You feel sick.
The gnoll hits you from afar with a spear of venom.
The ball python closely misses you. The ball python grabs you.
The ball python constricts you.
You closely miss the ball python.
The ball python is severely wounded.
You feel sick.
The gnoll hits you from afar with a spear of venom!
You are lethally poisoned!
The ball python barely misses you. The ball python constricts you.
You hit the ball python.
You kill the ball python!
You feel sick.
The gnoll hits you from afar with a spear of venom!
* * * LOW HITPOINT WARNING * * *
You are more poisoned.
The hobgoblin hits you with a club.
You die...

.#.# ..# # #.#
#. #<# #.. #.#
#... #.# .....
#.#
.....g#######.#
....ggg@..))>.#
#.#############


You could see a gnoll and 3 hobgoblins.

Vanquished Creatures
  An adder (D:1)
  3 gnolls (D:3)
  A dart slug (D:2)
  A leopard gecko (D:1)
  3 ball pythons
  6 bats
  2 giant cockroaches
  5 goblins
  5 hobgoblins
  6 kobolds
  A quokka (D:1)
  A frilled lizard (D:1)
  6 rats
41 creatures vanquished.

Notes
Turn   | Place    | Note
-------+----------+-------------------------------------------
     0 | D:1      | digijack the Demonspawn Wanderer began the quest for the Orb.
     0 | D:1      | digijack set off with: a book of Frost, a +0 mace, a +0 ring mail, a bread ration
     0 | D:1      | Reached XP level 1. HP: 15/15 MP: 4/4
     2 | D:1      | Learned a level 1 spell: Freeze
   187 | D:1      | Gained mutation: You regenerate a little health from kills. [demonic ancestry]
   187 | D:1      | Reached XP level 2. HP: 17/21 MP: 3/6
   494 | D:1      | Learned a level 2 spell: Throw Frost
  1245 | D:1      | Gained mutation: You have a pair of small horns on your head. [demonic ancestry]
  1245 | D:1      | Reached XP level 3. HP: 27/27 MP: 0/7
  1820 | D:2      | Found a shattered altar of Ashenzari.
  1888 | D:2      | Found a shimmering altar of Xom.
  1950 | D:2      | Found a hide-covered altar of Uskayaw.
  2165 | D:3      | Gained mutation: You have a pair of horns on your head. [demonic ancestry]
  2165 | D:3      | Reached XP level 4. HP: 20/33 MP: 0/9
  2289 | D:3      | HP: 1/33 [gnoll/spear of venom (8)]
  2289 | D:3      | Slain by a hobgoblin

Skill      XL: |  1  2  3 |
---------------+----------+-----
Ice Magic      | 2 |  2.5
Fighting       | 2 |  2.2
Short Blades   | |  0.6
Maces & Flails | |  0.5
Armour         | |  1.7
Dodging        | |  0.3
Shields        | |  1.7
Spellcasting   | |  3.4
Conjurations   | |  0.4

Action                   |  1- 3 |  4- 6 || total
-------------------------+-------+-------++-------
Melee: Mace              |     3 |       ||     3
       Dagger            |    24 |     3 ||    27
       Headbutt          |     1 |       ||     1
 Cast: Freeze            |    37 |     1 ||    38
       Throw Frost       |    16 |     2 ||    18
  Use: Potion            |     4 |       ||     4
       Scroll            |     6 |       ||     6
  Eat: Bread ration      |     1 |       ||     1
       Chunk             |     1 |       ||     1
Armor: Ring mail         |    25 |       ||    25
Dodge: Dodged            |    30 |     8 ||    38
